 Dungeon Crawl Stone Soup version 0.18-a0-1805-g8ab820f (webtiles) character file.

337 Kenran the Magician (level 6, -2/32 HPs)
             Began as a Deep Elf Conjurer on Apr 26, 2016.
             Slain by an orc (4 damage)
             ... on level 4 of the Dungeon.
             The game lasted 00:07:02 (3218 turns).

Kenran the Magician (Deep Elf Conjurer)             Turns: 3218, Time: 00:07:03

Health: -2/32      AC:  3    Str:  5    XL:     6   Next: 28%
Magic:  12/17      EV: 13    Int: 22    God:
Gold:   229        SH:  0    Dex: 15    Spells: 1 memorised, 17 levels left

rFire  . . .     SeeInvis .     (no weapon)
rCold  . . .     Gourm    .     a - +0 robe
rNeg   . . .     Faith    .     (no shield)
rPois  .         Spirit   .     (no helmet)
rElec  .         Dismiss  .     i - +0 cloak
rCorr  .         Reflect  .     (no gloves)
SustAt .         Harm     .     (no boots)
MR     .....                    (no amulet)
Stlth  ++........               (no ring)
                                (no ring)

@: not resistant to hostile enchantments, unstealthy
A: no striking features
a: no special abilities


You were on level 4 of the Dungeon.
You were hungry.

You visited 1 branch of the dungeon, and saw 4 of its levels.

You collected 229 gold pieces.

Inventory:

Armour
 a - a +0 robe (worn)
 i - a +0 cloak (worn)
Jewellery
 s - an uncursed amulet of regeneration {unknown}
 t - a +2 ring of intelligence {unknown}
 v - an uncursed amulet of the gourmand {unknown}
Scrolls
 d - a scroll of identify {unknown}
 e - a scroll of immolation {unknown}
 f - 2 scrolls of teleportation {unknown}
 g - 2 scrolls of amnesia {unknown}
 h - a scroll of magic mapping {unknown}
 l - a scroll of blinking {unknown}
 m - 2 scrolls of random uselessness {unknown}
 n - 3 scrolls of recharging {unknown}
 o - a scroll of enchant weapon {unknown}
Potions
 j - a potion of agility {unknown}
 p - 2 potions of curing {unknown}
 q - a potion of berserk rage {unknown}
 r - a potion of lignification {unknown}
 x - a potion of invisibility {unknown}
Books
 b - a book of Conjurations

   Spells                             Type                      Level
   a - Magic Dart                     Conjuration                  1
   b - Searing Ray                    Conjuration                  2
   c - Dazzling Spray                 Conjuration/Hexes            3
   d - Fulminant Prism                Conjuration/Hexes            4
   e - Iskenderun's Mystic Blast      Conjuration                  4
   f - Iskenderun's Battlesphere      Conjuration/Charms           5
Comestibles
 c - 4 bread rations
 k - 2 slices of pizza
 u - 2 beef jerkies
 w - a meat ration


   Skills:
 - Level 2.4 Dodging
 - Level 2.4 Stealth
 + Level 6.8 Spellcasting
 + Level 6.5 Conjurations


You had 17 spell levels left.
You knew the following spells:

 Your Spells              Type           Power        Failure   Level  Hunger
a - Magic Dart            Conj           ####         1%          1    None


Dungeon Overview and Level Annotations

Branches:
Dungeon (4/15)
 Temple: D:4-7

Altars:
Okawaru

Shops:
D:4 :

Annotations:
D:4 Edmund


Message History

The magic dart hits Edmund.
Edmund is moderately wounded.
The orc closely misses you. Edmund misses you.
Casting: Magic Dart
Confirm with . or Enter, or press ? or * to list all spells.
Aiming: Magic Dart
Press: ? - help, Shift-Dir - straight line, f/p - Edmund
Aim: Edmund, wielding a dire flail and wearing a dyed leather armour (moderately wounded)
The magic dart hits Edmund.
Edmund is moderately wounded.
The orc misses you.
Casting: Magic Dart
Confirm with . or Enter, or press ? or * to list all spells.
Aiming: Magic Dart
Press: ? - help, Shift-Dir - straight line, f/p - Edmund
Aim: Edmund, wielding a dire flail and wearing a dyed leather armour (moderately wounded)
The magic dart hits Edmund.
Edmund is moderately wounded.
Edmund misses you. The orc hits you.
You die...

...#.##.#.##†≈≈.##.#.# .....
.....##.###..≈≈.##.#.#
.....##.##.#.≈≈.#[.#.#
...#.#.##.##.≈≈.#8...#
....###..####≈≈#####.#
.....###############.#
.................<...#######.#.##
.....###.#######@................
########.#######@..#.##########.#
...............o<...............)
########.#######...############.#
#.# #...# #..... ##.# ##### ####.
#..# ###### ## #..# #....# # #..#
#.##.# # #..#####.##.# .


You could see Edmund and an orc.

Vanquished Creatures
  A phantom (D:4)
  2 scorpions (D:4)
  2 orc wizards (D:4)
  2 adders
  2 worms
  2 dart slugs (D:2)
  6 orcs
  10 bats
  2 giant cockroaches
  6 goblins
  5 hobgoblins
  5 kobolds
  2 quokkas
  A ball python (D:4)
  5 giant newts
  12 rats
65 creatures vanquished.

Notes
Turn   | Place    | Note
--------------------------------------------------------------
     0 | D:1      | Kenran the Deep Elf Conjurer began the quest for the Orb.
     0 | D:1      | Reached XP level 1. HP: 10/10 MP: 6/6
   130 | D:1      | Found an iron altar of Okawaru.
   183 | D:1      | Reached XP level 2. HP: 15/15 MP: 6/8
   907 | D:2      | Reached XP level 3. HP: 19/19 MP: 8/10
  1019 | D:2      | Reached skill level 5 in Conjurations
  1916 | D:3      | You fall through a shaft!
  1970 | D:4      | Reached skill level 5 in Spellcasting
  1970 | D:4      | Reached XP level 4. HP: 13/24 MP: 7/13
  2215 | D:4      | Found Mutae's Book Shop.
  2223 | D:4      | Noticed a phantom
  2234 | D:4      | Killed a phantom
  2234 | D:4      | Reached XP level 5. HP: 28/28 MP: 3/15
  2550 | D:4      | Reached XP level 6. HP: 24/32 MP: 10/17
  3031 | D:4      | Noticed Edmund
  3218 | D:4      | Slain by an orc

Vault maps used:
D:1:      dpeg_arrival_subterranean_lakeside_camping, serial_glass,
          glass_columns_b, glass_columns_b, minivault_11, minivault_25,
          minmay_statues_item, okawaru_ov_weapons_minmay
D:4:      wad_river_or_something, led_sif_pool, serial_shops, shop, uniq_edmund

Skill      XL: |  1  2  3  4  5 |
---------------+----------------+-----
Spellcasting   | 4 5 6 |  6.8
Conjurations   | 5 6 |  6.5
Dodging        | |  2.4
Stealth        | |  2.4

Action                   |  1- 3 |  4- 6 || total
-------------------------+-------+-------++-------
Melee: Unarmed           |       |     1 ||     1
 Cast: Magic Dart        |   103 |    74 ||   177
  Eat: Chunk             |     3 |     3 ||     6
Armor: Robe              |     4 |     4 ||     8
Dodge: Dodged            |    10 |    24 ||    34
